% Time on Ice - SPOKANE KNIGHTS
Lines # - Real PCT - Wanted PCT - Time Play
Normal Forward
1 - 33% - 33% - 16:38
2 - 32% - 33% - 16:22
3 - 27% - 28% - 13:40
4 - 8% - 6% - 4:02
Normal Defense
1 - 33% - 33% - 16:59
2 - 36% - 33% - 18:14
3 - 15% - 17% - 7:49
4 - 15% - 17% - 7:40
PP Forward
1 - 54% - 60% - 2:54
2 - 46% - 40% - 2:26
PP Defense
1 - 59% - 60% - 3:08
2 - 41% - 40% - 2:12
PK Forward
1 - 0% - 55%
2 - 0% - 45%
PK Defense
1 - 0% - 60%
2 - 0% - 40%
PK3 Forward
1 - 0% - 60%
2 - 0% - 40%
PK3 Defense
1 - 0% - 60%
2 - 0% - 40%
44 Forward
1 - 61% - 50% - 2:25
2 - 39% - 50% - 1:33
44 Defense
1 - 68% - 60% - 2:41
2 - 32% - 40% - 1:17
Last Minute Offensive  - 0:00
Last Minute Defensive  - 0:00
Total
Forward - 60:00
Defense - 60:00
% Time on Ice - OAKLAND GORILLAS
Lines # - Real PCT - Wanted PCT - Time Play
Normal Forward
1 - 29% - 36% - 14:49
2 - 27% - 31% - 13:55
3 - 29% - 23% - 14:43
4 - 14% - 10% - 7:15
Normal Defense
1 - 33% - 36% - 16:58
2 - 33% - 31% - 16:57
3 - 26% - 23% - 12:57
4 - 8% - 10% - 3:50
PP Forward
1 - 0% - 55%
2 - 0% - 45%
PP Defense
1 - 0% - 55%
2 - 0% - 45%
PK Forward
1 - 61% - 55% - 3:15
2 - 39% - 45% - 2:05
PK Defense
1 - 56% - 55% - 2:59
2 - 44% - 45% - 2:21
PK3 Forward
1 - 0% - 55%
2 - 0% - 45%
PK3 Defense
1 - 0% - 55%
2 - 0% - 45%
44 Forward
1 - 47% - 55% - 1:52
2 - 53% - 45% - 2:06
44 Defense
1 - 66% - 55% - 2:36
2 - 34% - 45% - 1:22
Last Minute Offensive  - 0:00
Last Minute Defensive  - 0:00
Total
Forward - 60:00
Defense - 60:00
Play-by-Play 1st period 0:01 of 1st period - Sebastian Aho wins face-off versus Nico Hischier in neutral zone. 0:15 of 1st period - Shot by Sebastian Aho. 0:15 of 1st period - Shot Misses the Net. 0:20 of 1st period - Tomas Hertl is hit by Matt Benning and loses puck. 0:23 of 1st period - Shot by Blake Wheeler. 0:23 of 1st period - Stopped by Tristan Jarry without a rebound. 0:24 of 1st period - Travis Boyd wins face-off versus Mikael Backlund in OAKLAND GORILLAS zone. 0:38 of 1st period - Shot by Ryan Dzingel. 0:38 of 1st period - Stopped by Braden Holtby without a rebound. 0:39 of 1st period - Phillip Danault wins face-off versus Ivan Barbashev in SPOKANE KNIGHTS zone. 1:14 of 1st period - Shot by Vincent Trocheck. 1:14 of 1st period - Stopped by Tristan Jarry without a rebound. 1:15 of 1st period - Mikael Backlund wins face-off versus Cedric Paquette in OAKLAND GORILLAS zone. 1:26 of 1st period - Shot by Patrick Kane. 1:26 of 1st period - Stopped by Tristan Jarry with a rebound. 1:28 of 1st period - Shot by Mikael Backlund. 1:28 of 1st period - Stopped by Tristan Jarry with a rebound. 1:44 of 1st period - Shot by Patrick Kane. 1:44 of 1st period - Shot Misses the Net. 1:46 of 1st period - Shot by Matthew Tkachuk. 1:46 of 1st period - Shot Hit the Post. 1:50 of 1st period - Shot by Matthew Tkachuk. 1:50 of 1st period - Stopped by Tristan Jarry without a rebound. 1:51 of 1st period - Wayne Simmonds wins face-off versus Sebastian Aho in OAKLAND GORILLAS zone. 1:59 of 1st period - Off-side. 2:00 of 1st period - Marcus Kruger wins face-off versus Wayne Simmonds in neutral zone. 2:15 of 1st period - Shot by Tyler Johnson. 2:15 of 1st period - Shot Misses the Net. 2:18 of 1st period - Icing by Brandon Dubinsky. 2:19 of 1st period - Brandon Dubinsky wins face-off versus Blake Wheeler in OAKLAND GORILLAS zone. 2:26 of 1st period - Shot by Tomas Hertl. 2:26 of 1st period - Shot Blocked by Milan Lucic. 2:28 of 1st period - Shot by Sebastian Aho. 2:28 of 1st period - Goal by Sebastian Aho - SPOKANE KNIGHTS : 1 - OAKLAND GORILLAS : 0. 2:29 of 1st period - Ivan Barbashev wins face-off versus Sebastian Aho in neutral zone. 2:29 of 1st period - Jordan Greenway is hit by Tomas Hertl and loses puck. 2:34 of 1st period - Filip Hronek is hit by Tomas Hertl and loses puck. 3:00 of 1st period - Shot by Sebastian Aho. 3:00 of 1st period - Stopped by Tristan Jarry without a rebound. 3:01 of 1st period - Wayne Simmonds wins face-off versus Phillip Danault in OAKLAND GORILLAS zone. 3:01 of 1st period - Wayne Simmonds is hit by Vincent Trocheck. 3:26 of 1st period - Brady Tkachuk is hit by Kristopher Letang and loses puck. 3:39 of 1st period - Shot by Nico Hischier. 3:39 of 1st period - Shot Misses the Net. 3:41 of 1st period - Shot by Nico Hischier. 3:41 of 1st period - Deflect By Brady Tkachuk. 3:41 of 1st period - Shot Blocked by Kristopher Letang. 3:43 of 1st period - Shot by Brady Tkachuk. 3:43 of 1st period - Stopped by Braden Holtby without a rebound. 3:44 of 1st period - Mikael Backlund wins face-off versus Cedric Paquette in SPOKANE KNIGHTS zone. 4:09 of 1st period - Shot by Mikael Backlund. 4:09 of 1st period - Shot Misses the Net. 4:17 of 1st period - Shot by Patrick Kane. 4:17 of 1st period - Stopped by Tristan Jarry without a rebound. 4:18 of 1st period - Ivan Barbashev wins face-off versus Sebastian Aho in OAKLAND GORILLAS zone. 4:18 of 1st period - Ivan Barbashev is hit by Sebastian Aho. 4:29 of 1st period - Ivan Barbashev is hit by Brooks Orpik and loses puck. 4:40 of 1st period - Minor Penalty to Ryan Hartman for Slashing. 4:40 of 1st period - Minor Penalty to Brooks Orpik for Roughing. 4:41 of 1st period - Phillip Danault wins face-off versus Milan Lucic in SPOKANE KNIGHTS zone. 5:44 of 1st period - Shot by Sebastian Aho. 5:44 of 1st period - Goal by Sebastian Aho - SPOKANE KNIGHTS : 2 - OAKLAND GORILLAS : 0. 5:45 of 1st period - Sebastian Aho wins face-off versus Ryan Dzingel in neutral zone. 5:54 of 1st period - Shot by Tomas Hertl. 5:54 of 1st period - Shot Misses the Net. 6:07 of 1st period - Sebastian Aho is hit by Samuel Girard and loses puck. 6:12 of 1st period - Shot by Sebastian Aho. 6:12 of 1st period - Shot Blocked by Jakob Chychrun. 6:55 of 1st period - Shot by Patrick Kane. 6:55 of 1st period - Shot Misses the Net. 7:14 of 1st period - Minor Penalty to Ivan Barbashev for Interference. 7:15 of 1st period - Phillip Danault wins face-off versus Cedric Paquette in OAKLAND GORILLAS zone. 7:15 of 1st period - Tomas Hertl is hit by Erik Gudbranson and loses puck. 7:24 of 1st period - Shot by Tomas Hertl. 7:24 of 1st period - Deflect By Blake Wheeler. 7:24 of 1st period - Shot Blocked by John Moore. 7:26 of 1st period - Shot by Kristopher Letang. 7:26 of 1st period - Shot Blocked by John Moore. 7:28 of 1st period - Shot by Phillip Danault. 7:28 of 1st period - Goal by Phillip Danault - SPOKANE KNIGHTS : 3 - OAKLAND GORILLAS : 0. 7:29 of 1st period - Wayne Simmonds wins face-off versus Marcus Kruger in neutral zone. 7:29 of 1st period - Brady Tkachuk is hit by Tyler Johnson and loses puck. 7:41 of 1st period - Icing by Samuel Girard. 7:42 of 1st period - Mikael Backlund wins face-off versus Wayne Simmonds in OAKLAND GORILLAS zone. 7:42 of 1st period - Mikael Backlund is hit by Filip Hronek. 7:45 of 1st period - Matthew Tkachuk is hit by Samuel Girard and loses puck. 7:52 of 1st period - Filip Hronek is hit by Matthew Tkachuk and loses puck. 8:14 of 1st period - Shot by Wayne Simmonds. 8:14 of 1st period - Deflect By Brady Tkachuk. 8:14 of 1st period - Shot Blocked by Anton Stralman. 8:30 of 1st period - Shot by Mikael Backlund. 8:30 of 1st period - Stopped by Tristan Jarry without a rebound. 8:31 of 1st period - Sebastian Aho wins face-off versus Ivan Barbashev in OAKLAND GORILLAS zone. 8:31 of 1st period - Blake Wheeler is hit by Erik Gudbranson. 8:40 of 1st period - Tomas Hertl is hit by Erik Gudbranson and loses puck. 8:52 of 1st period - Blake Wheeler is hit by Erik Gudbranson and loses puck. 9:12 of 1st period - Tomas Hertl is hit by Erik Gudbranson and loses puck. 9:17 of 1st period - Shot by Sebastian Aho. 9:17 of 1st period - Shot Blocked by John Moore. 9:19 of 1st period - Shot by Kristopher Letang. 9:19 of 1st period - Shot Misses the Net. 9:38 of 1st period - Tyler Johnson is hit by Matt Benning. 9:44 of 1st period - Shot by Phillip Danault. 9:44 of 1st period - Stopped by Tristan Jarry with a rebound. 10:35 of 1st period - Icing by Cale Makar. 10:36 of 1st period - Phillip Danault wins face-off versus Wayne Simmonds in SPOKANE KNIGHTS zone. 11:01 of 1st period - Shot by Milan Lucic. 11:01 of 1st period - Stopped by Braden Holtby without a rebound. 11:02 of 1st period - Brady Tkachuk wins face-off versus Mikael Backlund in SPOKANE KNIGHTS zone. 11:09 of 1st period - Off-side. 11:10 of 1st period - Blake Wheeler wins face-off versus Cedric Paquette in neutral zone. 11:17 of 1st period - Shot by Blake Wheeler. 11:17 of 1st period - Shot Misses the Net. 11:19 of 1st period - Shot by Tomas Hertl. 11:19 of 1st period - Stopped by Tristan Jarry without a rebound. 11:20 of 1st period - Ivan Barbashev wins face-off versus Sebastian Aho in OAKLAND GORILLAS zone. 11:47 of 1st period - Shot by Tomas Hertl. 11:47 of 1st period - Stopped by Tristan Jarry without a rebound. 11:48 of 1st period - Mikael Backlund wins face-off versus Wayne Simmonds in OAKLAND GORILLAS zone. 11:48 of 1st period - Mikael Backlund is hit by Matt Benning. 11:50 of 1st period - Shot by Patrick Kane. 11:50 of 1st period - Shot Blocked by Matt Benning. 12:24 of 1st period - Shot by Wayne Simmonds. 12:24 of 1st period - Stopped by Braden Holtby without a rebound. 12:25 of 1st period - Cedric Paquette wins face-off versus Phillip Danault in SPOKANE KNIGHTS zone. 12:51 of 1st period - Shot by Cedric Paquette. 12:51 of 1st period - Shot Misses the Net. 12:53 of 1st period - Shot by Samuel Girard. 12:53 of 1st period - Shot Misses the Net. 12:55 of 1st period - Shot by Samuel Girard. 12:55 of 1st period - Stopped by Braden Holtby without a rebound. 12:56 of 1st period - Sebastian Aho wins face-off versus Ivan Barbashev in SPOKANE KNIGHTS zone. 13:26 of 1st period - Icing by John Moore. 13:27 of 1st period - Ivan Barbashev wins face-off versus Mikael Backlund in OAKLAND GORILLAS zone. 13:27 of 1st period - Ivan Barbashev is hit by Mikael Backlund. 13:54 of 1st period - Icing by John Moore. 13:55 of 1st period - Sebastian Aho wins face-off versus Ivan Barbashev in OAKLAND GORILLAS zone. 14:17 of 1st period - Icing by Ryan Hartman. 14:18 of 1st period - Phillip Danault wins face-off versus Ryan Hartman in OAKLAND GORILLAS zone. 15:35 of 1st period - Icing by Kristopher Letang. 15:36 of 1st period - Cedric Paquette wins face-off versus Mikael Backlund in SPOKANE KNIGHTS zone. 15:47 of 1st period - Filip Hronek is hit by Mikael Backlund and loses puck. 15:53 of 1st period - Icing by Filip Hronek. 15:54 of 1st period - Sebastian Aho wins face-off versus Cedric Paquette in OAKLAND GORILLAS zone. 15:54 of 1st period - Blake Wheeler is hit by Filip Hronek. 16:08 of 1st period - Shot by Cedric Paquette. 16:08 of 1st period - Shot Blocked by Tomas Hertl. 16:10 of 1st period - Shot by Cedric Paquette. 16:10 of 1st period - Shot Blocked by Brooks Orpik. 16:12 of 1st period - Shot by Cedric Paquette. 16:12 of 1st period - Stopped by Braden Holtby with a rebound. 17:53 of 1st period - Shot by Patrick Kane. 17:53 of 1st period - Stopped by Tristan Jarry without a rebound. 17:54 of 1st period - Vincent Trocheck wins face-off versus Wayne Simmonds in OAKLAND GORILLAS zone. 18:11 of 1st period - Shot by Nico Hischier. 18:11 of 1st period - Shot Misses the Net. 18:13 of 1st period - Shot by Brady Tkachuk. 18:13 of 1st period - Stopped by Braden Holtby with a rebound. 18:47 of 1st period - Shot by Ryan Dzingel. 18:47 of 1st period - Stopped by Braden Holtby without a rebound. 18:48 of 1st period - Mikael Backlund wins face-off versus Cedric Paquette in SPOKANE KNIGHTS zone. 18:48 of 1st period - Mikael Backlund is hit by Cedric Paquette. 19:00 of 1st period - Shot by Matthew Tkachuk. 19:00 of 1st period - Shot Misses the Net. 19:07 of 1st period - Travis Boyd is hit by Zdeno Chara and loses puck. 19:17 of 1st period - Shot by Cedric Paquette. 19:17 of 1st period - Stopped by Braden Holtby without a rebound. 19:18 of 1st period - Jordan Greenway wins face-off versus Sebastian Aho in SPOKANE KNIGHTS zone. 19:21 of 1st period - Shot by Ivan Barbashev. 19:21 of 1st period - Deflect By Ryan Hartman. 19:21 of 1st period - Shot Misses the Net. 19:49 of 1st period - Shot by Ivan Barbashev. 19:49 of 1st period - Stopped by Braden Holtby with a rebound. Goals for this period are 3 for SPOKANE KNIGHTS vs 0 for OAKLAND GORILLAS. Shots for this period are 15 for SPOKANE KNIGHTS vs 10 for OAKLAND GORILLAS. 2nd period 0:01 of 2nd period - Wayne Simmonds wins face-off versus Mikael Backlund in neutral zone. 0:18 of 2nd period - Matthew Tkachuk is hit by Jakob Chychrun and loses puck. 0:23 of 2nd period - Shot by Matthew Tkachuk. 0:23 of 2nd period - Stopped by Tristan Jarry without a rebound. 0:24 of 2nd period - Cedric Paquette wins face-off versus Marcus Kruger in OAKLAND GORILLAS zone. 0:29 of 2nd period - Shot by Filip Hronek. 0:29 of 2nd period - Stopped by Braden Holtby without a rebound. 0:30 of 2nd period - Cedric Paquette wins face-off versus Tyler Johnson in SPOKANE KNIGHTS zone. 0:38 of 2nd period - Icing by Zdeno Chara. 0:39 of 2nd period - Wayne Simmonds wins face-off versus Phillip Danault in SPOKANE KNIGHTS zone. 0:40 of 2nd period - Shot by Nico Hischier. 0:40 of 2nd period - Shot Misses the Net.